 Dungeon Crawl Stone Soup version 0.30-a0-159-g068b764562 (console) character file.

Game seed: 4569950889661174311

27046 Mandevil the Grappler (level 13, -4/139 HPs)
             Began as a Troll Reaver on Sept 27, 2022.
             Was an Initiate of Gozag.
             Slain by a tyrant leech (glowing shapeshifter) (24 damage)
             ... in a Gauntlet.
             The game lasted 00:35:17 (13050 turns).

Mandevil the Grappler (Troll Reaver)               Turns: 13050, Time: 00:35:18

Health: -4/139     AC:  9    Str: 20 (23) XL:     13   Next: 2%
Magic:  0/13       EV:  9    Int: 13      God:    Gozag
Gold:   2354       SH:  0    Dex:  7 (8)  Spells: 15/16 levels left

rFire   x . .      SeeInvis +      - Unarmed
rCold   + . .      Faith    .    (no shield)
rNeg    . . .      Spirit   .    D - +1 robe {Archmagi}
rPois   .          Reflect  .    d - +2 hat {SInv}
rElec   .          Harm     .    l - +1 cloak
rCorr   +          Rampage  .    (gloves unavailable)
Will    .....      Archmagi +    (boots unavailable)
Stlth   +......... NoTele   +    B - amulet of the acrobat
HPRegen 1.13/turn                h - ring of resist corrosion
MPRegen 0.13/turn                i - ring of ice

@: brilliant, gold aura, hasted, very quick
A: large, unfitting armour, claws 3, regeneration 1, shaggy fur 1, tough skin 1,
low MP 1
a: Renounce Religion, Potion Petition, Call Merchant, Bribe Branch


You were in a Gauntlet.
You worshipped Gozag.
Gozag was most pleased with you.
You visited 2 branches of the dungeon, and saw 16 of its levels.
You also visited: Gauntlet.

You collected 3058 gold pieces.
You paid 704 gold pieces to Gozag.

Inventory:

Hand Weapons
 b - a +1 hand axe of flaming
 m - the +4 hammer "Lidugib" {flame, rElec rC+ Int+4}
   (You found it on level 2 of the Dungeon)

   It burns those it strikes, dealing additional fire damage.
   Int:       It affects your intelligence (+4).
   rC:        It protects you from cold.
   rElec:     It insulates you from electricity.
Missiles
 t - 19 poisoned darts (quivered)
 u - 2 atropa-tipped darts
 v - a curare-tipped dart
 y - 3 silver boomerangs
 G - a large rock
 I - 3 boomerangs
Armour
 d - a +2 hat of see invisible (worn)
 l - a +1 cloak (worn)
 D - a +1 robe of the Archmagi (worn)
Jewellery
 h - a ring of resist corrosion (left claw)
 i - a ring of ice (right claw)
 s - the ring of Shadows {Umbra +Inv Stlth+}
   (You found it in a Gauntlet)

   [ring of stealth]

   It surrounds you with an aura of shadow, increasing your stealth and reducing
   the accuracy of all others within it.
   +Inv:      It lets you turn invisible.
   Stlth:     It makes you more stealthy.
 w - a ring of ice
 B - an amulet of the acrobat (around neck)
Wands
 a - a wand of polymorph (7)
 x - a wand of acid (11)
 C - a wand of iceblast (13)
 F - a wand of flame (8)
 L - a wand of paralysis (13)
Scrolls
 c - a scroll of magic mapping
 f - 2 scrolls of fear
 g - 7 scrolls of vulnerability
 j - 4 scrolls of amnesia
 r - 4 scrolls of teleportation
 H - a scroll of immolation
 M - a scroll of butterflies
Potions
 e - 2 potions of ambrosia
 k - 5 potions of mutation
 n - 2 potions of magic
 o - 3 potions of lignification
 p - 3 potions of curing
 q - 3 potions of resistance
 z - a potion of flight
 A - 3 potions of attraction
 E - a potion of cancellation
 J - 6 potions of heal wounds
 K - a potion of brilliance


   Skills:
 + Level 11.9 Fighting
 + Level 6.4 Throwing
 - Level 1.5 Dodging
 + Level 14.2 Unarmed Combat
 - Level 2.0 Spellcasting
 - Level 5.5 Conjurations
 - Level 2.0 Necromancy


You had 15 spell levels left.
You knew the following spells:

 Your Spells              Type           Power      Damage    Failure   Level
a - Kiss of Death         Conj/Necr      100%       2d13      5%          1

Your spell library contained the following spells:

 Spells                   Type           Power      Damage    Failure   Level
 Magic Dart               Conj           100%       1d8       2%          1
 Shock                    Conj/Air       76%        1d7       9%          1
 Necrotise                Necr           56%        1d6       11%         1
 Sublimation of Blood     Necr           14%        N/A       17%         2
 Volcanic Tap             Conj/Fire/Erth 26%        3d9       19%         2
 Hailstorm                Conj/Ice       28%        3d8       24%         3
 Apportation              Tloc           4%         N/A       26%         1
 Sting                    Tmut/Pois      8%         1d3       26%         1
 Summon Small Mammal      Summ           8%         N/A       26%         1
 Mephitic Cloud           Conj/Pois/Air  13%        N/A       34%         3
 Blink                    Tloc           4%         N/A       36%         2
 Call Imp                 Summ           2%         N/A       36%         2
 Poisonous Vapours        Pois/Air       4%         N/A       36%         2
 Lesser Beckoning         Tloc           2%         N/A       58%         3
 Arcjolt                  Conj/Air       9%         1d19      92%         5
 Irradiate                Conj/Tmut      9%         3d14      92%         5
 Manifold Assault         Tloc           2%         N/A       94%         4
 Olgreb's Toxic Radiance  Pois           2%         N/A       94%         4
 Petrify                  Tmut/Erth      2%         N/A       94%         4
 Freezing Cloud           Conj/Ice/Air   10%        6-21      97%         5
 Borgnjor's Vile Clutch   Necr/Erth      4%         N/A       99%         5
 Conjure Ball Lightning   Conj/Air       9%         3x3d6     100%        6
 Death Channel            Necr           7%         N/A       100%        6
 Starburst                Conj/Fire      9%         6d5       100%        6
 Polar Vortex             Ice            2%         N/A       100%        9
 Animate Dead             Necr           Unusable   N/A       N/A         4
 Simulacrum               Ice/Necr       Unusable   N/A       N/A         6

Dungeon Overview and Level Annotations

Branches:
Dungeon (13/15)            Temple (0/1) D:7            Lair (3/5) D:11
  Swamp (0/4) Lair:3          Orc (0/2) D:11        Gauntlet (1/1)
  Snake: Lair:2-3    Spider: Lair:2-3    Vaults: D:13-14

Altars:
Gozag
Hepliaklqana
Qazlal
Ru
Vehumet

Shops:
D:7 (

Annotations:
Gauntlet 13 transporters


Innate Abilities, Weirdness & Mutations

You are too large for most types of armour.
You have claws for hands.
Your natural rate of healing is unusually fast.
You are covered in fur. (AC +1)
You have tough skin. (AC +1)
Your magical capacity is low. (-10% MP)


Message History

You scratch the ghost moth but do no damage.
The ghost moth is moderately wounded.
The ghost moth stares at you. The ghost moth hits you!
The ghost moth closely misses you. The ghost moth stings you!
* * * LOW HITPOINT WARNING * * *
The tyrant leech barely misses you.
You closely miss the tyrant leech.
The tyrant leech is lightly wounded.
Unknown command.
You mangle the ghost moth!!
The ghost moth is severely wounded.
The ghost moth stares at you.
The ghost moth hits you but does no damage.
The ghost moth closely misses you.
The ghost moth stings you but does no damage.
You scratch the ghost moth. Your claw misses the ghost moth.
The ghost moth is severely wounded.
The tyrant leech bites you!
* * * LOW HITPOINT WARNING * * *
The tyrant leech draws strength from your injuries!
You mangle the ghost moth!!
You kill the ghost moth!
The ghost moth's shape twists and changes as it dies.
You have reached level 13!
You scratch the tyrant leech.
The tyrant leech is lightly wounded.
The tyrant leech closely misses you.
Unknown command.
You claw the tyrant leech! x2
The tyrant leech is moderately wounded.
Unknown command.
You miss the tyrant leech.
The tyrant leech is moderately wounded.
Unknown command.
You claw the tyrant leech!
The tyrant leech is heavily wounded.
The tyrant leech bites you!!
You die...
Your body crumbles into a pile of gold.

#.###############################
#.#~~80~#^.........^.........^#~0
#.###############################
.^...........^#~~~~8~~~~#^.......
#################################
....x3#.#.........#.#....#....#.#
..###*#.#.#.....#.#.#...#.#...#.#
###...#.#.##Yy.##.#.#u.#.^.#..#.#
#...#.#.#..##0##T.#.#G#..#..#.#.#
.^#^#.#.#....^(w$.#.##..#.#..##.#
###^..#.#..#####..#.#..#...#..#.#
#..^#.#.#S##...##.#.#.#..#.P#.#.#
^.###^#.#N#.....#.#.##..#.#..##.#
?^=!.^#.#..[.^![..#.#/"#.^.#}.#.#
#######.###########.###########.#
.................................
..................~\~............


You could see a great orb of eyes, a purple ugly thing and a tyrant leech shaped
shifter.

Vanquished Creatures
  Gastronok (D:10)
  A ghost moth (shapeshifter) (Gauntlet)
  2 hydras (Lair:2)
  Erolcha (D:10)
  A boulder beetle (D:11)
  2 two-headed ogres
  A cyclops (D:11)
  A shining eye (Gauntlet)
  5 elephants (Lair:2)
  An elephant (shapeshifter) (Gauntlet)
  5 cane toads
  A gargoyle (D:11)
  A torpor snail (Lair:2)
  A rime drake (Lair:2)
  A smoke demon (Gauntlet)
  3 komodo dragons
  A red devil (Gauntlet)
  A tarantella (shapeshifter) (Gauntlet)
  4 trolls
  10 blink frogs (Lair:1)
  A shadow (D:11)
  4 wyverns
  A vampire (D:11)
  3 wraiths
  A basilisk (Lair:2)
  28 yaks
  2 golden eyes (Gauntlet)
  An unseen horror simulacrum (D:10)
  2 steam dragons
  Menkaure (D:5)
  3 vampire mosquitoes (D:11)
  2 wargs (D:11)
  An acid dragon (D:9)
  2 nagas (Lair:3)
  7 water moccasins
  A sky beast (D:6)
  5 orc warriors
  2 ice beasts
  A black bear (D:6)
  2 wolves
  4 centaurs
  An ogre (D:5)
  A phantom (D:5)
  A kobold brigand (D:8)
  9 bullfrogs
  A gnoll sergeant (D:10)
  A scorpion (D:6)
  9 wights
  6 killer bees (D:9)
  2 electric eels (D:9)
  2 howler monkeys (D:7)
  3 crimson imps (Gauntlet)
  8 orc priests
  2 jellies
  Crazy Yiuf (D:2)
  A gnoll bouda (D:8)
  4 hounds
  12 orc wizards
  Natasha (thrice) (D:3)
  4 iguanas
  A statue (D:11)
  A centaur simulacrum (D:9)
  8 gnolls
  10 adders
  A shadow imp (D:6)
  5 white imps
  2 ufetubi
  2 dart slugs (D:3)
  31 orcs
  6 ball pythons
  4 bats
  10 endoplasms
  9 giant cockroaches
  4 hobgoblins
  16 kobolds
  A quokka (D:1)
  5 frilled lizards
  14 goblins
  4 rats
  A butterfly (D:7)
324 creatures vanquished.

Vanquished Creatures (others)
  15 demonic plants (Gauntlet)
  10 fungi
  9 plants
34 creatures vanquished.

Grand Total: 358 creatures vanquished

Notes
Turn   | Place    | Note
-------+----------+-------------------------------------------
     0 | D:1      | Mandevil the Troll Reaver began the quest for the Orb.
     0 | D:1      | Reached XP level 1. HP: 19/19 MP: 1/1
    85 | D:1      | Reached XP level 2. HP: 23/28 MP: 2/2
   271 | D:1      | Found a faded altar of an unknown god.
   292 | D:1      | Reached skill level 1 in Necromancy
   476 | D:1      | Reached XP level 3. HP: 35/35 MP: 3/3
  1469 | D:2      | Found a runed translucent door.
  1470 | D:2      | Noticed Crazy Yiuf
  1475 | D:2      | Killed Crazy Yiuf
  1476 | D:2      | Reached XP level 4. HP: 36/43 MP: 4/4
  1485 | D:2      | Identified the +4 hammer "Lidugib" {flame, rElec rC+ Int+4}
  2174 | D:3      | Reached skill level 4 in Unarmed Combat
  2239 | D:3      | Found a sacrificial altar of Ru.
  2239 | D:3      | Found a faded altar of an unknown god.
  2247 | D:3      | Found a faded altar of an unknown god.
  2254 | D:3      | Found a stormy altar of Qazlal.
  2255 | D:3      | Found an opulent altar of Gozag.
  2307 | D:3      | Became a worshipper of Gozag Ym Sagoz the Greedy
  2354 | D:3      | Reached XP level 5. HP: 50/50 MP: 5/5
  2497 | D:3      | Noticed Natasha
  2505 | D:3      | Killed Natasha
  2510 | D:3      | Noticed Natasha
  2523 | D:3      | Killed Natasha
  2619 | D:3      | Noticed Natasha
  2623 | D:3      | Killed Natasha
  2734 | D:4      | Got Cuhaluy's Omnibus of Confrontation
  2804 | D:4      | Reached XP level 6. HP: 60/61 MP: 6/6
  3214 | D:5      | Entered Level 5 of the Dungeon
  3321 | D:5      | Noticed Menkaure
  3327 | D:5      | Killed Menkaure
  3328 | D:5      | Reached skill level 5 in Unarmed Combat
  3382 | D:5      | Reached XP level 7. HP: 60/68 MP: 7/7
  4011 | D:6      | Found a radiant altar of Vehumet.
  4024 | D:6      | Reached skill level 6 in Unarmed Combat
  4058 | D:6      | Reached XP level 8. HP: 63/79 MP: 8/8
  4221 | D:6      | Reached skill level 5 in Fighting
  4478 | D:7      | Found a staircase to the Ecumenical Temple.
  4577 | D:7      | Found Efexzomm's Weapon Shoppe.
  4633 | D:7      | Reached skill level 7 in Unarmed Combat
  4752 | D:7      | Reached skill level 5 in Conjurations
  4922 | D:7      | Reached XP level 9. HP: 31/86 MP: 9/9
  5683 | D:8      | Reached skill level 8 in Unarmed Combat
  6654 | D:9      | Identified the +0 scale mail "Nyuda" {+Blink Will+}
  6769 | D:9      | Noticed a troll
  6772 | D:9      | Killed a troll
  6822 | D:9      | Reached skill level 9 in Unarmed Combat
  6873 | D:9      | Noticed a two-headed ogre
  6882 | D:9      | Killed a two-headed ogre
  6883 | D:9      | Reached XP level 10. HP: 80/104 MP: 8/10
  7528 | D:9      | Reached skill level 10 in Unarmed Combat
  7651 | D:10     | Entered Level 10 of the Dungeon
  7852 | D:10     | Identified the +1 dagger of Springtime {freeze, rC+}
  8001 | D:10     | Noticed Gastronok
  8053 | D:10     | Killed Gastronok
  8054 | D:10     | Reached skill level 11 in Unarmed Combat
  8155 | D:10     | Identified the +1 robe of the Illusory Thickets {MP+9}
  8195 | D:10     | Noticed Erolcha
  8215 | D:10     | Killed Erolcha
  8216 | D:10     | Reached XP level 11. HP: 99/108 MP: 9/11
  8290 | D:10     | You fall into a shaft and drop 3 floors!
  8546 | D:11     | Found a staircase to the Lair.
  8984 | D:11     | Found a staircase to the Orcish Mines.
  9178 | D:11     | Noticed a two-headed ogre
  9195 | D:11     | Reached skill level 10 in Fighting
  9195 | D:11     | Reached skill level 12 in Unarmed Combat
  9196 | D:11     | Killed a two-headed ogre
  9478 | D:11     | Found a radiant altar of Vehumet.
  9758 | D:11     | Noticed a boulder beetle
  9779 | D:11     | Killed a boulder beetle
  9780 | D:11     | Reached skill level 1 in Throwing
 10242 | D:10     | Found a hazy altar of Hepliaklqana.
 10375 | Lair:1   | Entered Level 1 of the Lair of Beasts
 10742 | Lair:1   | Reached XP level 12. HP: 57/128 MP: 14/14
 10862 | Lair:1   | Reached skill level 13 in Unarmed Combat
 10949 | Lair:1   | You fall into a shaft and drop 1 floor!
 10969 | Lair:2   | Noticed a five-headed hydra
 10981 | Lair:2   | Killed a one-headed hydra
 11380 | Lair:2   | Reached skill level 5 in Throwing
 11555 | Lair:2   | Noticed a six-headed hydra
 11562 | Lair:2   | Killed a four-headed hydra
 11668 | Lair:2   | Found a stormy altar of Qazlal.
 12397 | Lair:3   | Found a staircase to the Swamp.
 12457 | Lair:3   | Found a gate leading to a gauntlet.
 12487 | Lair:3   | Reached skill level 14 in Unarmed Combat
 12506 | Gauntlet | Entered a Gauntlet
 12506 | Gauntlet | Found a transporter.
 12587 | Gauntlet | Found a transporter.
 12608 | Gauntlet | Found a transporter.
 12618 | Gauntlet | Found a transporter.
 12620 | Gauntlet | Found a transporter.
 12622 | Gauntlet | Found a transporter.
 12624 | Gauntlet | Noticed a great orb of eyes
 12652 | Gauntlet | Found a transporter.
 12654 | Gauntlet | Noticed a ghost crab
 12659 | Gauntlet | Found a transporter.
 12676 | Gauntlet | Found a transporter.
 12693 | Gauntlet | Found a transporter.
 12705 | Gauntlet | Found a transporter.
 12731 | Gauntlet | Found a transporter.
 12751 | Gauntlet | Found a transporter.
 12757 | Gauntlet | Found a transporter.
 12774 | Gauntlet | Found a transporter.
 12791 | Gauntlet | Found a transporter.
 12810 | Gauntlet | Found the ring of Shadows {Umbra +Inv Stlth+}
 12889 | Gauntlet | Found a transporter.
 12893 | Gauntlet | Noticed an anaconda
 12905 | Gauntlet | Found a transporter.
 12963 | Gauntlet | Gained mutation: Your magical capacity is low. (-10% MP) [a
                  | shining eye]
 12980 | Gauntlet | Noticed an eight-headed hydra
 12980 | Gauntlet | a steelbarb worm changed into a quicksilver ooze
 12980 | Gauntlet | Noticed a quicksilver ooze (glowing shapeshifter)
 12983 | Gauntlet | a quicksilver ooze changed into a catoblepas
 12983 | Gauntlet | Noticed a catoblepas (glowing shapeshifter)
 12984 | Gauntlet | a catoblepas changed into a death yak
 12984 | Gauntlet | Noticed a death yak (glowing shapeshifter)
 13001 | Gauntlet | Noticed a ghost moth
 13002 | Gauntlet | Noticed a storm dragon
 13006 | Gauntlet | a storm dragon changed into a catoblepas
 13006 | Gauntlet | Noticed a catoblepas (glowing shapeshifter)
 13033 | Gauntlet | a catoblepas changed into a ghost moth
 13033 | Gauntlet | Noticed a ghost moth (glowing shapeshifter)
 13037 | Gauntlet | a ghost moth changed into a tyrant leech
 13046 | Gauntlet | Killed a ghost moth
 13047 | Gauntlet | Reached XP level 13. HP: 18/139 MP: 0/13
 13050 | Gauntlet | Slain by a tyrant leech (glowing shapeshifter)

Illustrated notes

Levels and vault maps discovered:
D:1:      dpeg_arrival_arbitrary_c, layout_loops_corners,
          dreamdust_ecumenical_altar_angels_and_demons, minmay_hexomino_f4
D:2:      layout_basic, minmay_splitting_lines, dreamdust_mushroom_princess,
          grunt_ministairs_4, kennysheep_generic_room_5, uniq_crazy_yiuf_cottage
D:3:      layout_loops_ring, chequers_temple_overflow_minitemple,
          minmay_misc_feat_iff, minmay_fractal_squares_5, uniq_natasha
D:4:      layout_cave_pools, minmay_misc_feat_square
D:5:      layout_rooms, grunt_decor_junction, roderic_serpentine_path,
          grunt_decor_resistance, uniq_menkaure
D:6:      layout_cave_pools, nicolae_overflow_hidden_temple
D:7:      cheibrodos_helix_gallery, layout_loops_ring,
          minmay_temple_entry_butterflies, serial_shops,
          nicolae_shop_bloodbath_and_beyond
D:8:      layout_basic
D:9:      layout_irregular_city, serial_ice, serial_ice_l, serial_ice_h,
          serial_ice_a, serial_ice_e, serial_ice_m, serial_ice_g, serial_ice_f,
          serial_ice_c
D:10:     layout_long_grid, kennysheep_little_box, serial_ice, serial_ice_o,
          serial_ice_m, serial_ice_h, serial_ice_n, serial_ice_g,
          kennysheep_minor_cross, uniq_gastronok, uniq_erolcha
D:11:     layout_basic, erik_lair_orcish_takeover, hiddenorc1_lemuel,
          vehumet_statue
D:12:     layout_long_grid, minivault_19
D:13:     layout_roguey, grunt_vaults_entry_fortified, mikee_hates_you
Lair:1:   layout_loops_ring, wad_woods_road_05
Lair:2:   layout_roguey, basic_altar, chequers_serial_rivers_micro_a,
          st_stairs_11, grunt_megastairs_3
Lair:3:   layout_big_grid, minmay_swamp_entry_reptiles,
          minmay_snake_entry_guardpost_small, gauntlet_entry_generic,
          tgw_fedhas, serial_bayou_shore_b, serial_bayou_shore_a
Gauntlet: gammafunk_gauntlet_one_two_three [nicolae_gauntlet_arena_x,
          gammafunk_gauntlet_arena_mazey, gammafunk_gauntlet_arena_teeth,
          nicolae_gauntlet_swirl, nicolae_gauntlet_arena_quarters,
          gammafunk_gauntlet_arena_arrow_garden,
          gammafunk_gauntlet_arena_split_x, nicolae_gauntlet_arena_grate_2,
          gammafunk_gauntlet_arena_grid, gauntlet_exit_watery]

Skill      XL: |  1  2  3  4  5  6  7  8  9 10 11 12 |
---------------+-------------------------------------+-----
Necromancy     | 1 2 |  2.0
Fighting       | 2 3 4 5 7 9 10 11 | 11.9
Unarmed Combat | 4 5 6 7 9 11 12 14 | 14.2
Conjurations   | 3 4 5 |  5.5
Spellcasting   | 2 |  2.0
Throwing       | 3 6 |  6.4
Dodging        | |  1.5

Action                   |  1- 3 |  4- 6 |  7- 9 | 10-12 | 13-15 || total
-------------------------+-------+-------+-------+-------+-------++-------
Melee: Unarmed           |   102 |   121 |   306 |   550 |     4 ||  1083
       Punch             |       |     2 |     7 |    36 |     1 ||    46
       Hand axe          |       |       |       |    10 |       ||    10
Throw: Dart              |       |       |     5 |    11 |       ||    16
       Stone             |       |       |       |    25 |       ||    25
       Boomerang         |       |       |       |     2 |       ||     2
       Large rock        |       |       |       |     9 |       ||     9
 Cast: Kiss of Death     |     1 |       |     3 |     5 |       ||     9
Invok: Potion Petition   |       |       |       |     2 |       ||     2
Evoke: Wand              |       |       |     1 |     1 |       ||     2
  Use: Scroll            |     1 |     2 |    15 |     8 |       ||    26
       Potion            |       |       |     1 |     4 |       ||     5
 Stab: Distracted        |       |       |       |     3 |       ||     3
       Petrified         |       |       |       |     3 |       ||     3
Armor: Robe              |    38 |    56 |    86 |   140 |       ||   320
       Skin              |       |       |    43 |     5 |       ||    48
Dodge: Dodged            |    39 |    50 |   115 |   233 |     1 ||   438

Table legend: (Time is in decaauts)
 A = Elapsed time spent in this place.
 B = Non-inter-level travel time spent in this place.
 C = Inter-level travel time spent in this place.
 D = Time resting spent in this place.
 E = Time spent auto-exploring this place.
 F = Levels seen in this place.
 G = Mean time per level.
                   A        B        C        D        E       F      G
               +--------+--------+--------+--------+--------+-----+--------+
         Total |  12931 |  12618 |    313 |   1075 |   8072 |  17 |  760.6 |
       Dungeon |  10331 |  10046 |    285 |    436 |   7173 |  13 |  794.7 |
          Lair |   2070 |   2042 |     28 |    553 |    898 |   3 |  690.0 |
      Gauntlet |    529 |    529 |      0 |     86 |      0 |   1 |  529.0 |
               +--------+--------+--------+--------+--------+-----+--------+

Top non-repeatable levels by time:
    D:11: 1686 daAuts
  Lair:2: 1437 daAuts
     D:8: 1170 daAuts
     D:7: 1067 daAuts
     D:1: 977 daAuts
    D:10: 964 daAuts
     D:9: 932 daAuts
     D:3: 879 daAuts
     D:2: 856 daAuts
     D:5: 641 daAuts
     D:6: 595 daAuts
  Lair:1: 550 daAuts
Gauntlet: 529 daAuts
     D:4: 490 daAuts
  Lair:3: 82 daAuts
